 Dungeon Crawl Stone Soup version 0.29-a0-219-g0a02b1cf4f (webtiles) character file.

Game seed: 14286526688534755630

57 Sweetruy1997 the Covered (level 4, 0/40 HPs)
             Began as a Hill Orc Fighter on Feb 22, 2022.
             Slain by Sigmund
             ... wielding a +0 scythe
              (3 damage)
             ... on level 2 of the Dungeon on Feb 25, 2022.
             The game lasted 00:03:10 (1637 turns).

Sweetruy1997 the Covered (Hill Orc Fighter)         Turns: 1637, Time: 00:03:10

Health: 0/40       AC:  8    Str: 18    XL:     4   Next: 0%
Magic:  4/4        EV:  9    Int:  8    God:
Gold:   67         SH:  4    Dex: 12    Spells: 3/3 levels left

rFire   . . .      SeeInvis .   a - +0 war axe
rCold   . . .      Faith    .   c - +0 buckler
rNeg    . . .      Spirit   .   b - +0 scale mail
rPois   .          Reflect  .   l - +0 helmet
rElec   .          Harm     .   (no cloak)
rCorr   .          Rampage  .   (no gloves)
Will    .....                   (no boots)
Stlth   ..........              (no amulet)
HPRegen 0.13/turn               (no ring)
MPRegen 0.09/turn               (no ring)

@: mighty
A: no striking features
a: no special abilities


You were on level 2 of the Dungeon.
You visited 1 branch of the dungeon, and saw 2 of its levels.

You collected 67 gold pieces.

Inventory:

Hand Weapons
 a - a +0 war axe (weapon)
Armour
 b - a +0 scale mail (worn)
 c - a +0 buckler (worn)
 l - a +0 helmet (worn)
Scrolls
 e - a scroll of identify {unknown}
 h - a scroll of magic mapping {unknown}
 i - 3 scrolls of immolation {unknown}
 m - a scroll of brand weapon {unknown}
Potions
 f - a potion of flight {unknown}
 g - a potion of invisibility {unknown}
 j - a potion of curing {unknown}
 k - a potion of brilliance {unknown}


   Skills:
 - Level 4.0 Fighting
 + Level 3.5 Axes
 - Level 4.0 Armour
 + Level 0.3 Dodging
 + Level 3.8 Shields


You had 3 spell levels left.
You didn't know any spells.
Your spell library was empty.

Dungeon Overview and Level Annotations

Branches:
Dungeon (2/15)

Altars:

Shops:
D:1 (

Annotations:
D:2 Sigmund


Message History

You are more confused.
You bump into the rock wall.
Sigmund gestures wildly while chanting.
Sigmund flickers and vanishes!
Deactivating autopickup; reactivate with Ctrl-A.
You completely miss something.
You hear some strange, mumbled words.
A magic dart appears from out of thin air!
The magic dart hits you! Something hits you but does no damage.
You bump into the rock wall.
You hit something. Something hits you!
You completely miss something.
You hear some strange, mumbled words.
A magic dart appears from out of thin air!
The magic dart hits you.
You hear some strange, mumbled words.
A puff of flame appears from out of thin air!
The puff of flame misses you.
You bump into the rock wall.
You bump into the rock wall.
Something hits you.
You miss something.
You hear some strange, mumbled words.
Something tries to affect you, but you resist.
You closely miss something.
You feel less confused. Something hits you but does no damage.
You closely miss something. Something hits you but does no damage.
You closely miss something.
You hear some strange, mumbled words.
A magic dart appears from out of thin air!
The magic dart hits you.
You miss something. Something hits you!
* * * LOW HITPOINT WARNING * * *
You barely miss something.
You hear some strange, mumbled words.
A puff of flame appears from out of thin air!
The puff of flame hits you.
* * * LOW HITPOINT WARNING * * *
You completely miss something. Something hits you.
You die...

##.....#.......#####..#.........
##########.##.# ##............
#.##(^###..###........
#.##...##.## ...##....
####.##......# ..## ....
#....##....### .## ...
#....##...## # #....#######...#
#<......@).....#
#....####{.$.... ###### .....(.
....... ....... ....... #######


There were no monsters in sight!

Vanquished Creatures
  2 gnolls (D:1)
  A worm (D:2)
  2 dart slugs (D:1)
  4 bats
  2 giant cockroaches (D:1)
  A goblin (D:1)
  2 hobgoblins (D:1)
  6 kobolds
  A quokka (D:1)
  4 ball pythons (D:1)
  5 frilled lizards
  3 rats (D:1)
33 creatures vanquished.

Vanquished Creatures (others)
  6 plants (D:1)
6 creatures vanquished.

Grand Total: 39 creatures vanquished

Notes
Turn   | Place    | Note
-------+----------+-------------------------------------------
     0 | D:1      | Sweetruy1997 the Hill Orc Fighter began the quest for the
                  | Orb.
     0 | D:1      | Reached XP level 1. HP: 19/19 MP: 1/1
    65 | D:1      | HP: 1/20 [gnoll/+0 spear (5)]
    67 | D:1      | Reached XP level 2. HP: 2/27 MP: 2/2
   406 | D:1      | Reached XP level 3. HP: 17/33 MP: 3/3
   830 | D:1      | Found Fetir's Antique Weapon Emporium.
  1421 | D:2      | Upgraded the game from 0.29-a0-194-g6e3aafee17 to
                  | 0.29-a0-219-g0a02b1cf4f
  1616 | D:2      | Noticed Sigmund
  1622 | D:2      | Reached XP level 4. HP: 36/40 MP: 4/4
  1637 | D:2      | Slain by Sigmund

Illustrated notes

Levels and vault maps discovered:
D:1:      heliophobic_arrival_ceremonial_halls, layout_basic, serial_shops,
          nicolae_square_shop, serial_forest, infiniplex_forest_clump_curved,
          infiniplex_forest_clump_small, infiniplex_forest_straight_5,
          infiniplex_forest_straight_3, infiniplex_forest_clump_curved,
          infiniplex_forest_end_double, infiniplex_forest_straight_4,
          infiniplex_forest_pool, nicolae_grassy_gnolls
D:2:      layout_rooms, basic_altar, uniq_sigmund

Skill      XL: |  1  2  3 |
---------------+----------+-----
Armour         | 4 |  4.0
Fighting       | 4 |  4.0
Axes           | 3 |  3.5
Dodging        | |  0.3
Shields        | |  3.8

Action                   |  1- 3 |  4- 6 || total
-------------------------+-------+-------++-------
Melee: War axe           |    87 |    11 ||    98
  Use: Potion            |     1 |       ||     1
Armor: Scale mail        |    43 |     4 ||    47
Dodge: Dodged            |    48 |     1 ||    49
Block: Buckler           |    17 |       ||    17

Table legend: (Time is in decaauts)
 A = Elapsed time spent in this place.
 B = Non-inter-level travel time spent in this place.
 C = Inter-level travel time spent in this place.
 D = Time resting spent in this place.
 E = Time spent auto-exploring this place.
 F = Levels seen in this place.
 G = Mean time per level.
                   A        B        C        D        E       F      G
               +--------+--------+--------+--------+--------+-----+--------+
         Total |   1676 |   1665 |     11 |    408 |    996 |   2 |  838.0 |
       Dungeon |   1676 |   1665 |     11 |    408 |    996 |   2 |  838.0 |
               +--------+--------+--------+--------+--------+-----+--------+

Top non-repeatable levels by time:
     D:1: 1424 daAuts
     D:2: 252 daAuts
